 Dungeon Crawl Stone Soup version 0.27-a0-1555-g0e7b3fb1d2 (webtiles) character file.

Game seed: 13060252273834381438

1760 dickylongcocking the Skirmisher (level 9, -6/68 HPs)
             Began as a Djinni Fire Elementalist on July 14, 2021.
             Mangled by Duvessa (10 damage)
             ... on level 7 of the Dungeon.
             The game lasted 00:06:07 (8744 turns).

dickylongcocking the Skirmisher (DjFE)              Turns: 8744, Time: 00:06:07

Health: -6/68      AC:  3    Str:  7    XL:     9   Next: 27%
Gold:   402        EV: 12    Int: 21    God:
                   SH:  0    Dex: 13

rFire    + + .     SeeInvis +   A - +4 falchion (vamp)
rCold    . . .     Faith    .   (no shield)
rNeg     . . .     Spirit   .   a - +1 robe
rPois    ∞         Reflect  .   (no helmet)
rElec    .         Harm     .   (no cloak)
rCorr    .         Rampage  .   (no gloves)
Will     .....                  (boots unavailable)
Stlth    ++........             (no amulet)
HPRegen  0.21/turn              g - ring of see invisible
MPRegen  0.00/turn              B - ring of protection from cold

@: flying
A: sickness immunity, fire resistance 2, cold vulnerability 1, float, innate
caster, hp casting, extra vitality 1
a: no special abilities


You were on level 7 of the Dungeon.
You visited 1 branch of the dungeon, and saw 7 of its levels.

You collected 402 gold pieces.

Inventory:

Hand Weapons
 c - a +0 spear
 k - a +4 dagger
 A - a +4 vampiric falchion (weapon)
Missiles
 j - 5 curare-tipped darts
 s - 2 boomerangs of dispersal
Armour
 a - a +1 robe (worn)
 h - a +0 buckler
Jewellery
 g - a ring of see invisible (left hand)
 o - a ring of wizardry
 v - an amulet of regeneration
 w - an amulet of guardian spirit
 B - a ring of protection from cold (right hand)
Scrolls
 b - a scroll of enchant armour
 e - a scroll of noise {unknown}
 i - 5 scrolls of identify {unknown}
 l - a scroll of vulnerability {unknown}
 m - a scroll of amnesia {unknown}
 p - 2 scrolls of holy word
 q - a scroll of fog
 u - 2 scrolls of enchant weapon {unknown}
 y - a scroll of fear {unknown}
 z - a scroll of torment {unknown}
 C - a scroll of immolation {unknown}
 F - 2 scrolls of summoning {unknown}
 G - a scroll of teleportation {unknown}
Potions
 d - 3 potions of degeneration {unknown}
 f - 3 potions of flight {unknown}
 r - a potion of lignification {unknown}
 t - a potion of might {unknown}
 x - a potion of ambrosia {unknown}
 D - a potion of curing {unknown}
 E - 2 potions of cancellation {unknown}


   Skills:
 * Level 7.6 Fighting
 - Level 2.3 Dodging
 - Level 2.0 Stealth
 * Level 6.7 Spellcasting


You couldn't memorise any spells.
You knew the following spells:

 Your Spells              Type           Power      Damage    Failure   Level
a - Foxfire               Conj/Fire      100%       2x1d9     1%          1
b - Conjure Flame         Conj/Fire      35%        6-21      1%          3
c - Inner Flame           Hex/Fire       35%        N/A       1%          3
d - Sticky Flame          Conj/Fire      35%        2d5       5%          4
e - Fireball              Conj/Fire      17%        3d9       16%         5
f - Beastly Appendage     Tmut           70%        N/A       1%          1
g - Ensorcelled Hibernat  Hex/Ice        70%        N/A       1%          2
h - Static Discharge      Conj/Air       35%        N/A       1%          2
i - Leda's Liquefaction   Hex/Erth       17%        N/A       5%          4
Your spell library was empty.

Dungeon Overview and Level Annotations

Branches:
Dungeon (7/15)             Temple (0/1) D:6

Altars:
Sif Muna
Wu Jian

Annotations:
D:7 Duvessa


Innate Abilities, Weirdness & Mutations

You are immune to sickness and miasma.
You are immune to poison.
Your flesh is very heat resistant. (rF++)
You are vulnerable to cold. (rC-)
You float through the air rather than walking.
You learn spells naturally, not from books.
Your magical power is your life essence.
You have superior vitality. (+4 HP)


Message History

You conjure some foxfire!
Duvessa burns!
Duvessa barely misses you.
Duvessa hits you with a +0 short sword!!
* * * LOW HITPOINT WARNING * * *
Unknown command.
Unknown command.
Unknown command.
Unknown command.
Unknown command.
Unknown command.
Your foxfire dissipates!
Duvessa burns!
The foxfire hits Duvessa.
Duvessa is moderately wounded.
As you read the scroll labelled YRUAGU ZEQAS, it crumbles to dust.
You speak a Word of immense power!
It was a scroll of holy word.
Duvessa burns!
Duvessa stops burning.
Duvessa hits you with a +0 short sword.
* * * LOW HITPOINT WARNING * * *
Duvessa barely misses you.
Unknown command.
Unknown command.
As you read the scroll labelled HINOMI EPOGG, it crumbles to dust.
The scroll dissolves into smoke.
It was a scroll of fog.
Duvessa hits you with a +0 short sword!
* * * LOW HITPOINT WARNING * * *
Unknown command.
Okay, then.
Okay, then.
Casting: Foxfire (safe; 1% risk of failure)
Confirm with . or Enter, or press ? or * to list all spells.
You don't have enough health to cast this spell.
Unknown command.
Unknown command.
Unknown command.
Unknown command.
Okay, then.
As you read the scroll labelled XEWUAJ MIOPOO, it crumbles to dust.
It is a scroll of enchant armour.
Really abort (and waste the scroll)?
Your +0 robe glows green for a moment.
Duvessa hits you but does no damage. Duvessa hits you with a +0 short sword!
You die...

##### ## ##..<##...
##.........
#.......... #####
#.§§§...... ....#
#.§@§§..... ....#
####§e§§.....
>...####
#..§§§§§##...
.......#####.####.##
# .^..##.[[(((.# .#
).########.).# .#
#.#####.........###
#.........##.......
##.....#######..###


You could see Duvessa (berserk).

Vanquished Creatures
  Eustachio (D:6)
  Menkaure (D:4)
  2 orc warriors
  A sky beast (D:5)
  3 ice beasts
  A centaur (D:6)
  An ogre (D:5)
  A kobold brigand (D:7)
  A scorpion (D:4)
  Dowan (D:7)
  2 bullfrog zombies (D:5)
  A bullfrog skeleton (D:5)
  2 jellies
  A centaur skeleton (D:5)
  An orc priest (D:5)
  2 hounds (D:4)
  3 iguanas (D:5)
  2 orc wizards
  2 hound skeletons (D:4)
  A howler monkey skeleton (D:5)
  3 adders
  4 gnolls (D:5)
  A shadow imp (D:4)
  A white imp (D:5)
  2 ufetubi
  A worm (D:2)
  An adder skeleton (D:4)
  A dart slug (D:2)
  10 orcs
  6 ball pythons
  2 bats (D:1)
  5 endoplasms
  3 giant cockroaches
  5 goblins
  5 hobgoblins
  11 jackals
  3 quokkas
  2 frilled lizards
  12 kobolds
  4 rats
112 creatures vanquished.

Vanquished Creatures (collateral kills)
  5 foxfires
5 creatures vanquished.

Vanquished Creatures (others)
  322 foxfires
  A fungus (D:1)
  4 toadstools (D:3)
327 creatures vanquished.

Grand Total: 444 creatures vanquished

Notes
Turn   | Place    | Note
-------+----------+-------------------------------------------
     0 | D:1      | dickylongcocking the Djinni Fire Elementalist began the
                  | quest for the Orb.
     0 | D:1      | Reached XP level 1. HP: 15/15 MP: 0/0
   604 | D:1      | Reached XP level 2. HP: 17/21 MP: 0/0
  1321 | D:1      | Found a faded altar of an unknown god.
  1988 | D:2      | Reached XP level 3. HP: 20/25 MP: 0/0
  1988 | D:2      | Learned a level 1 spell: Beastly Appendage
  3786 | D:3      | Reached XP level 4. HP: 29/31 MP: 0/0
  3859 | D:3      | Reached skill level 1 in Fighting
  4284 | D:3      | Found an ornate altar of the Wu Jian Council.
  4745 | D:4      | Noticed Menkaure
  4750 | D:4      | Killed Menkaure
  4751 | D:4      | Reached skill level 2 in Fighting
  4751 | D:4      | Reached XP level 5. HP: 34/40 MP: 0/0
  4751 | D:4      | Learned a level 2 spell: Ensorcelled Hibernation
  4751 | D:4      | Reached XP level 6. HP: 38/45 MP: 0/0
  4810 | D:4      | Noticed an ice beast
  4816 | D:4      | Killed an ice beast
  4817 | D:4      | Reached skill level 3 in Fighting
  5579 | D:4      | Reached skill level 4 in Fighting
  5579 | D:4      | Reached XP level 7. HP: 38/52 MP: 0/0
  5579 | D:4      | Learned a level 2 spell: Static Discharge
  5871 | D:5      | Entered Level 5 of the Dungeon
  5930 | D:5      | Reached skill level 5 in Spellcasting
  5945 | D:5      | Reached skill level 5 in Fighting
  5945 | D:5      | Reached XP level 8. HP: 32/59 MP: 0/0
  6528 | D:5      | Reached skill level 6 in Fighting
  7155 | D:6      | Noticed Eustachio
  7165 | D:6      | Killed Eustachio
  7214 | D:6      | Reached XP level 9. HP: 45/67 MP: 0/0
  7214 | D:6      | Learned a level 4 spell: Leda's Liquefaction
  7618 | D:6      | Reached skill level 7 in Fighting
  7882 | D:6      | Found a staircase to the Ecumenical Temple.
  8366 | D:7      | Noticed Dowan
  8733 | D:7      | Noticed Duvessa
  8735 | D:7      | Killed Dowan
  8744 | D:7      | Mangled by Duvessa

Illustrated notes

Levels and vault maps discovered:
D:1:      dpeg_arrival_court, layout_loops_ring, shapermc_ecumenical_altar_gd,
          minivault_5
D:2:      layout_basic
D:3:      layout_loops_ring, nzn_wu_jian_contemplation,
          minmay_gold_behind_fungi, small_statue_intersection
D:4:      layout_cave_pools, serial_park, serial_park_gazebo
          [serial_park_minivault_5x5_3], minmay_puff, uniq_menkaure
D:5:      layout_cave_pools, guppyfry_early_orc_mine
D:6:      layout_basic, minmay_temple_entry_nine_rooms, uniq_eustachio
D:7:      lemuel_bear_cage, layout_rooms, makhleb_altar_promises_db,
          uniq_duvessa

Skill      XL: |  1  2  3  4  5  6  7  8  9 |
---------------+----------------------------+-----
Spellcasting   | 3 4 5 6 |  6.7
Stealth        | 2 |  2.0
Fighting       | 2 4 5 6 7 |  7.6
Dodging        | |  2.3

Action                   |  1- 3 |  4- 6 |  7- 9 || total
-------------------------+-------+-------+-------++-------
Melee: Spear             |    29 |       |       ||    29
       Dagger            |    17 |    23 |    18 ||    58
       Falchion          |       |       |     5 ||     5
 Cast: Foxfire           |    88 |    51 |    68 ||   207
       Sticky Flame      |       |     4 |    25 ||    29
       Inner Flame       |       |       |     7 ||     7
       Ensorcelled Hiber |       |       |     1 ||     1
  Use: Potion            |       |       |     2 ||     2
       Scroll            |       |       |     3 ||     3
Armor: Robe              |     5 |     6 |     9 ||    20
Dodge: Dodged            |    45 |    26 |    37 ||   108

Table legend: (Time is in decaauts)
 A = Elapsed time spent in this place.
 B = Non-inter-level travel time spent in this place.
 C = Inter-level travel time spent in this place.
 D = Time resting spent in this place.
 E = Time spent auto-exploring this place.
 F = Levels seen in this place.
 G = Mean time per level.
                   A        B        C        D        E       F      G
               +--------+--------+--------+--------+--------+-----+--------+
         Total |   8744 |   8519 |    225 |    321 |   7437 |   7 | 1249.1 |
       Dungeon |   8744 |   8519 |    225 |    321 |   7437 |   7 | 1249.1 |
               +--------+--------+--------+--------+--------+-----+--------+

Top non-repeatable levels by time:
     D:1: 1974 daAuts
     D:2: 1670 daAuts
     D:6: 1514 daAuts
     D:4: 1323 daAuts
     D:5: 1163 daAuts
     D:3: 902 daAuts
     D:7: 195 daAuts
